Map: Heavy Artillery LE

Players

Vermilion - Winner!

  • Race: Protoss Protoss
  • Spawn Location: 7:00

Beast - Winner!

  • Race: Terran Terran
  • Spawn Location: 7:00

qqq

  • Race: Protoss Protoss
  • League: Platinum
  • Spawn Location: 3:00

Massa

  • Race: Terran Terran
  • League: Platinum
  • Spawn Location: 1:00

VOD

Have the link to the VOD?

Description

Time

  • Played on: Dec. 13, 2020, 3:04 p.m.
  • Length: 10:04
Show
View Real Time Build Order
Export as new Build Order

Vermilion Protoss - Winner!

Build Orders:  

Get SALT Encoding   

  12  0:00  Probe  
  13  0:12  Probe  
  14  0:22  Pylon  
  14  0:24  Probe  
  15  0:41  Gateway  
  15  0:44  Probe  
  16  0:56  Probe  
  17  1:08  Probe  
  18  1:20  Probe  
  19  1:28  Assimilator  
  19  1:32  Probe  
  19  1:34  Assimilator  
  20  1:45  Probe  
  21  1:58  Cybernetics Core  
  21  2:19  Nexus  
  21  2:20  Pylon  
  21  2:31  Gateway  
  21  2:32  Pylon  
  21  2:39  Robotics Facility  
  21  2:43  Probe  
  22  2:56  Stargate  
  22  3:01  Probe  
  22  3:02  Stalker (Chrono Boost)  
  25  3:11  Pylon  
  25  3:13  Probe  
  25  3:19  Warp Gate  
  26  3:25  Probe  
  27  3:29  Assimilator  
  27  3:36  Void Ray (Chrono Boost)  
  27  3:44  Gateway  
  31  4:06  Void Ray  
  34  4:19  Probe  
  35  4:26  Probe, Pylon  
  36  4:32  Probe  
  37  4:40  Stargate  
  37  4:44  Probe  
  38  4:48  Assimilator  
  38  4:53  Probe  
  38  4:56  Probe  
  38  4:58  Void Ray  
  40  5:05  Probe  
  45  5:24  Void Ray  
  49  5:39  Void Ray  
  53  5:50  Probe  
  54  6:01  Void Ray  
  54  6:02  Probe (Chrono Boost)  
  55  6:07  Probe (Chrono Boost)  
  60  6:14  Probe (Chrono Boost)  
  60  6:17  Probe (Chrono Boost)  
  62  6:29  Pylon  
  62  6:35  Pylon  
  62  6:41  Void Ray  
  66  7:24  Fleet Beacon  
  66  7:25  Void Ray (Chrono Boost)  
  66  7:27  Stargate  
  66  7:28  Probe x2 (Chrono Boost)  
  68  7:32  Void Ray (Chrono Boost)  
  78  7:38  Probe x2 (Chrono Boost)  
  78  7:45  Nexus  
  78  7:48  Pylon  
  78  7:57  Pylon  
  78  8:06  Probe x2, Pylon x2  
  78  8:09  Void Ray  
  78  8:10  Void Ray x2  
  78  8:11  Flux Vanes  
  80  8:18  Probe x2  
  92  8:50  Void Ray  
  96  9:11  Probe  
  103  9:23  Probe  
Show
View Real Time Build Order
Export as new Build Order

Beast Terran - Winner!

Build Orders:  

Get SALT Encoding   

  12  0:01  SCV  
  13  0:13  SCV  
  14  0:18  Supply Depot  
  14  0:25  SCV  
  15  0:43  SCV, Barracks  
  15  0:46  Refinery  
  16  0:50  Refinery  
  16  1:24  SCV  
  17  1:58  Marine  
  18  2:03  Bunker  
  18  2:28  Marine  
  19  2:40  Orbital Command  
  19  2:43  Factory  
  19  2:50  Barracks Tech Lab  
  19  3:06  Supply Depot  
  19  3:14  Marine  
  20  3:24  SCV  
  18  4:03  Supply Depot  
  16  4:14  SCV  
  16  4:15  Siege Tank  
  20  4:19  Barracks  
  20  4:26  SCV  
  20  4:28  Barracks Reactor  
  21  5:04  SCV  
  22  5:07  Starport  
  22  5:17  SCV  
  22  5:29  SCV  
  23  5:42  Barracks Tech Lab  
  23  5:48  Marine x2  
  23  5:49  SCV  
  26  6:00  Marine  
  26  6:01  Stimpack  
  27  6:04  Starport Reactor  
  27  6:06  SCV  
  27  6:08  Command Center  
  27  6:09  Marine x2  
  30  6:18  Factory Reactor  
  30  6:19  SCV  
  30  6:22  Marine  
  32  6:33  SCV  
  32  6:35  Marine x2  
  32  6:38  Engineering Bay  
  35  6:41  Medivac  
  37  6:53  SCV  
  37  6:54  Marine x2  
  38  7:05  SCV  
  39  7:20  Marauder, Marine, Medivac x2  
  39  7:21  SCV  
  47  7:26  Marine  
  47  7:29  Terran Infantry Weapons Level 1  
  48  7:33  SCV  
  48  7:36  Missile Turret  
  49  7:42  Orbital Command, Marauder  
  51  7:48  Marine x2  
  53  7:51  SCV  
  54  8:31  SCV  
  54  8:32  Marine  
  50  8:36  Marine  
  50  8:40  Marine  
  45  8:43  SCV  
  46  8:50  Marine  
  47  8:55  Marine  
  47  8:57  SCV  
  47  9:00  Medivac x2  
  47  9:01  SCV  
  47  9:02  Barracks  
  54  9:06  Barracks  
  54  9:13  Marine x3  
  54  9:38  Supply Depot  
  54  9:57  Barracks Reactor x2  
  62  10:04  Refinery  
Show
View Real Time Build Order
Export as new Build Order

qqq Protoss 

Build Orders: Cannon Rush 

Get SALT Encoding   

  12  0:00  Probe  
  13  0:19  Pylon  
  13  0:20  Probe  
  14  0:32  Probe  
  15  0:37  Forge  
  15  0:49  Pylon  
  15  1:17  Pylon  
  15  1:21  Photon Cannon  
  14  1:38  Pylon  
  14  1:42  Photon Cannon  
  14  1:45  Gateway  
  14  1:55  Photon Cannon  
  14  2:08  Photon Cannon  
  14  2:33  Zealot  
  14  2:35  Cybernetics Core  
  14  2:37  Probe (Chrono Boost)  
  17  2:42  Assimilator  
  17  2:45  Assimilator  
  17  2:49  Probe (Chrono Boost)  
  18  2:55  Probe (Chrono Boost)  
  19  3:00  Zealot  
  19  3:03  Probe (Chrono Boost)  
  22  3:15  Probe (Chrono Boost)  
  23  3:24  Probe (Chrono Boost)  
  24  3:29  Probe  
  25  3:39  Stalker (Chrono Boost)  
  25  3:41  Probe  
  26  3:50  Gateway  
  26  3:53  Shield Battery  
  26  3:54  Probe  
  25  4:03  Pylon  
  25  4:05  Stalker (Chrono Boost)  
  27  4:20  Pylon  
  27  4:29  Stalker  
  27  4:30  Photon Cannon  
  29  4:38  Stargate  
  29  4:46  Stalker  
  29  5:07  Stargate  
  28  5:17  Pylon  
  28  5:33  Pylon  
  27  5:52  Probe  
  28  6:05  Probe, Phoenix  
  31  6:17  Probe  
  31  6:18  Cybernetics Core  
  32  6:29  Phoenix  
  34  7:06  Nexus  
  34  7:31  Pylon  
  34  7:34  Pylon  
  34  7:52  Probe, Phoenix  
  34  7:55  Fleet Beacon  
  37  8:04  Probe  
  38  8:16  Probe  
  38  8:17  Phoenix  
  38  8:19  Pylon  
  41  8:28  Probe  
  32  8:50  Anion Pulse-Crystals (Chrono Boost)  
  32  8:52  Phoenix x2 (Chrono Boost)  
  32  9:02  Probe, Assimilator  
  34  9:14  Probe, Phoenix x2 (Chrono Boost)  
Show
View Real Time Build Order
Export as new Build Order

Massa Terran 

Build Orders:  

Get SALT Encoding   

  12  0:00  SCV  
  13  0:14  SCV  
  14  0:23  Supply Depot  
  14  0:26  SCV  
  15  0:31  Refinery  
  15  0:45  SCV  
  15  0:48  Barracks  
  16  0:57  SCV  
  17  1:10  SCV  
  18  1:12  Barracks  
  18  1:21  Supply Depot  
  18  1:23  SCV  
  19  1:34  Barracks Tech Lab  
  19  1:40  Orbital Command  
  19  1:53  Marauder, Concussive Shells  
  21  1:59  Barracks Tech Lab  
  21  2:11  SCV  
  21  2:14  Marauder  
  24  2:26  Bunker  
  24  2:32  Marauder  
  24  2:36  Marauder  
  28  2:54  Marauder  
  30  3:03  Command Center  
  30  3:08  Supply Depot  
  30  3:14  Marauder  
  32  3:24  Marauder  
  32  3:35  Marauder  
  34  3:46  Marauder  
  30  3:57  Marauder  
  32  4:07  Marauder  
  28  4:17  Orbital Command  
  28  4:18  SCV  
  28  4:19  Marauder  
  28  4:24  Factory  
  31  4:27  Barracks  
  31  4:30  SCV, Supply Depot  
  32  4:39  Marauder  
  32  4:42  SCV  
  32  4:43  SCV  
  36  4:55  SCV x2  
  36  5:18  Factory Tech Lab  
  36  5:21  Marine  
  36  5:26  Engineering Bay  
  35  5:38  Cyclone  
  35  5:39  Marine  
  39  5:45  Command Center  
  39  5:47  Barracks x2  
  39  5:50  Refinery  
  39  5:52  Missile Turret  
  39  5:56  SCV x2, Missile Turret  
  41  5:57  Marine  
  42  6:05  Terran Infantry Weapons Level 1  
  42  6:08  SCV  
  43  6:26  Marine  
  43  6:31  Barracks Tech Lab  
  43  6:32  Barracks Reactor  
  44  6:36  Barracks Reactor, Barracks Tech Lab  
  44  6:39  SCV x2  
  46  6:43  Cyclone  
  46  6:44  Marine  
  50  6:51  SCV x2  
  52  6:56  Refinery  
  52  6:57  Refinery  
  52  7:01  Marine  
  52  7:03  SCV  
  54  7:09  Marine x3  
  54  7:10  Marine  
  54  7:11  Orbital Command  
  54  7:14  SCV  
  59  7:15  SCV  
  59  7:19  Marine  
  61  7:26  SCV  
  61  7:27  SCV, Marine x2  
  61  7:37  Missile Turret  
  61  7:38  SCV  
  61  7:39  SCV  
  61  7:40  SCV  
  61  7:44  Marauder x2, Marine  
  66  7:48  Combat Shield  
  66  7:50  SCV  
  68  7:51  SCV  
  68  7:52  SCV  
  68  7:54  Siege Tank  
  68  7:56  Missile Turret  
  73  8:02  SCV  
  73  8:04  SCV x2  
  75  8:14  SCV  
  75  8:16  SCV x2  
  75  8:17  Missile Turret  
  75  8:26  Marauder  
  77  8:31  SCV x2  
  77  8:32  SCV  
  77  8:33  Marine  
  74  8:34  Marauder  
  74  8:35  Siege Tank  
  74  8:39  Missile Turret  
  60  8:42  Marine x2  
  62  8:49  Missile Turret  
  62  8:50  Missile Turret  
  62  8:51  Missile Turret  
  57  8:56  Marauder  
  57  8:59  Missile Turret  
  36  9:15  SCV  
  36  9:16  SCV x2  
  23  9:17  Marauder  
  23  9:20  Missile Turret  
  20  9:25  Missile Turret  
  20  9:27  SCV  
  20  9:28  SCV  
  20  9:38  Marauder  
  20  9:39  SCV  
  20  9:40  SCV, Missile Turret  
  20  9:41  Barracks  
  20  9:43  Barracks  
  25  9:52  SCV x2  
  30  10:02  Missile Turret  
Tags
 
Add a new tag
Caveats
  • Supply blocks, unpowered buildings, or Contaminate may cause inaccurate times.
  • Supply counts are checked every 10 seconds.